 Dungeon Crawl Stone Soup version 0.28-a0-309-gf6d37e6e1d (webtiles) character file.

Game seed: 5040336507261633638

78 Marsius the Skirmisher (level 4, 0/40 HPs)
             Began as a Draconian Berserker on Aug 30, 2021.
             Was a Believer of Trog.
             Killed from afar by Sigmund (8 damage)
             ... with a magic dart
             ... on level 3 of the Dungeon.
             The game lasted 00:17:30 (3293 turns).

Marsius the Skirmisher (Draconian Berserker)        Turns: 3293, Time: 00:17:31

Health: 0/40       AC:  5    Str: 19    XL:     4   Next: 15%
Magic:  4/4        EV: 13    Int:  8    God:    Trog [**....]
Gold:   65         SH:  0    Dex: 17    Spells: 3/3 levels left

rFire   . . .      SeeInvis .   a - +0 mace
rCold   . . .      Faith    .   (no shield)
rNeg    . . .      Spirit   .   (armour unavailable)
rPois   .          Reflect  .   (helmet restricted)
rElec   .          Harm     .   (no cloak)
rCorr   .          Rampage  .   (no gloves)
Will    .....                   (no boots)
Stlth   ++........              (no amulet)
HPRegen 0.13/turn               q - +6 ring of dexterity
MPRegen 0.09/turn               (no ring)

@: no status effects
A: AC +5, unfitting armour, cold-blooded
a: Renounce Religion, Berserk, Trog's Hand


You were on level 3 of the Dungeon.
You worshipped Trog.
Trog was pleased with you.
You visited 1 branch of the dungeon, and saw 3 of its levels.

You collected 65 gold pieces.

Inventory:

Hand Weapons
 a - a +0 mace (weapon)
 h - a +0 short sword
 o - a +0 whip
Missiles
 g - 112 stones (quivered)
 j - 48 arrows
 m - 11 sling bullets
Armour
 n - a +0 ring mail
Jewellery
 q - a +6 ring of dexterity (left hand)
Wands
 p - a wand of charming (12)
Scrolls
 d - 2 scrolls of fog {unknown}
 e - a scroll of identify {unknown}
 i - a scroll of noise {unknown}
 r - a scroll of teleportation {unknown}
Potions
 b - 2 potions of curing {unknown}
 c - 2 potions of invisibility {unknown}
 f - 2 potions of cancellation {unknown}
 k - a potion of heal wounds {unknown}
 l - a potion of berserk rage {unknown}


   Skills:
 + Level 4.1 Fighting
 + Level 3.8 Maces & Flails
 + Level 3.4 Dodging


You had 3 spell levels left.
You didn't know any spells.
Your spell library was empty.

Dungeon Overview and Level Annotations

Branches:
Dungeon (3/15)

Altars:
Hepliaklqana

Annotations:
D:3 Sigmund


Innate Abilities, Weirdness & Mutations

Your plain brown scales are hard. (AC +5)
You cannot fit into any form of body armour.
You are cold-blooded and may be slowed by cold attacks.


Message History

The puff of flame hits you.
An orc comes into view. It is wielding a +0 flail.
Sigmund says, "I'm your fate." The orc hits you but does no damage.
You hit the orc.
Your tail-slap misses the orc.
The orc is moderately wounded.
The orc misses you.
You hit the orc.
You kill the orc!
Trog accepts your kill. Sigmund closely misses you.
Sigmund gestures at you while chanting.
You are confused.
Things that are here:
a +0 flail; a +0 scale mail You are too confused!
You miss Sigmund. Sigmund hits you with a +0 scythe!
Sigmund completely misses you.
You're too confused to move!
Sigmund gestures at you while chanting. You resist with some effort.
Sigmund casts a spell.
Sigmund flickers and vanishes!
Deactivating autopickup; reactivate with Ctrl-A.
Things that are here:
a +0 flail; a +0 scale mail You feel less confused.
Something hits you!
You hear some strange, mumbled words.
You are confused.
Something hits you.
You bump into the rock wall.
You feel less confused. Something barely misses you.
A magic dart appears from out of thin air!
The magic dart hits you!
* * * LOW HITPOINT WARNING * * *
A magic dart appears from out of thin air!
The magic dart hits you!
You die...

###......# ##########
#........# ### #........#
#.#.#.#..# #.. #........#
#........# .. #....#.#.#
##.#.#.#..########..
........###.........##......
#.#.#....).#.#.#........##
#.....####...............###
#..#...{...@................
## #.#####..........>....###
#.# #.###..........## #.#
#.# ##...#.....# #.# ..#
#####.###.# #.# .... #.# #.#
#.# #.#.# #<# #.## #.. #....
..# #..## ##. #.####..##


There were no monsters in sight!

Vanquished Creatures
  Jessica (D:3)
  An adder (D:2)
  A worm (D:2)
  An orc (D:3)
  9 endoplasms
  4 giant cockroaches
  A goblin (D:2)
  4 hobgoblins
  A quokka (D:1)
  4 ball pythons
  3 bats
  A frilled lizard (D:1)
  4 kobolds
  A rat (D:2)
36 creatures vanquished.

Vanquished Creatures (others)
  5 plants (D:2)
5 creatures vanquished.

Grand Total: 41 creatures vanquished

Notes
Turn   | Place    | Note
-------+----------+-------------------------------------------
     0 | D:1      | Marsius the Draconian Berserker began the quest for the
                  | Orb.
     0 | D:1      | Reached XP level 1. HP: 19/19 MP: 1/1
   976 | D:1      | Reached XP level 2. HP: 19/26 MP: 2/2
  1860 | D:2      | Reached XP level 3. HP: 33/33 MP: 3/3
  2314 | D:2      | Reached ** piety under Trog
  2550 | D:2      | Found a faded altar of an unknown god.
  2717 | D:3      | Found a hazy altar of Hepliaklqana.
  2717 | D:3      | Noticed Jessica
  2718 | D:3      | Found a faded altar of an unknown god.
  2721 | D:3      | Killed Jessica
  2722 | D:3      | Reached skill level 4 in Fighting
  2722 | D:3      | Reached XP level 4. HP: 40/40 MP: 4/4
  3258 | D:3      | Noticed Sigmund
  3293 | D:3      | Killed from afar by Sigmund

Illustrated notes

Levels and vault maps discovered:
D:1:      matt_arrival_los_fun, layout_rooms
D:2:      layout_loops_ring, chequers_ecumenical_altar_lobes
D:3:      layout_rooms, beargit_hepliaklqana_dungeon_heroes, serial_glass,
          glass_columns_b, glass_columns_a, glass_columns_a, glass_columns_a,
          glass_columns_a, glass_columns_a, glass_columns_a, glass_columns_a,
          glass_columns_b, glass_columns_b, glass_columns_b, glass_columns_a,
          glass_columns_c, glass_columns_c, uniq_terence, uniq_sigmund

Skill      XL: |  1  2  3 |
---------------+----------+-----
Dodging        | 3 |  3.4
Fighting       | 4 |  4.1
Maces & Flails | |  3.8

Action                   |  1- 3 |  4- 6 || total
-------------------------+-------+-------++-------
Melee: Mace              |   101 |    18 ||   119
       Tailslap          |    15 |       ||    15
Invok: Berserk           |     7 |     1 ||     8
Armor: Skin              |    24 |    13 ||    37
Dodge: Dodged            |    62 |    19 ||    81

Table legend: (Time is in decaauts)
 A = Elapsed time spent in this place.
 B = Non-inter-level travel time spent in this place.
 C = Inter-level travel time spent in this place.
 D = Time resting spent in this place.
 E = Time spent auto-exploring this place.
 F = Levels seen in this place.
 G = Mean time per level.
                   A        B        C        D        E       F      G
               +--------+--------+--------+--------+--------+-----+--------+
         Total |   3407 |   3267 |    140 |   1509 |    739 |   3 | 1135.7 |
       Dungeon |   3407 |   3267 |    140 |   1509 |    739 |   3 | 1135.7 |
               +--------+--------+--------+--------+--------+-----+--------+

Top non-repeatable levels by time:
     D:1: 1802 daAuts
     D:2: 944 daAuts
     D:3: 660 daAuts
